 Dungeon Crawl Stone Soup version 0.30-a0-847-g17996783a1 (webtiles) character file.

Game seed: 30478074093354653

168361 holysushi the Spry (level 17, -9/207 HPs)
             Began as a Demonspawn Monk on Mar 3, 2023.
             Was an Initiate of Gozag.
             Killed from afar by a deep elf annihilator (71 damage)
             ... with a crystal spear
             ... on level 3 of the Elven Halls.
             The game lasted 00:52:28 (33477 turns).

holysushi the Spry (Demonspawn Monk)               Turns: 33477, Time: 00:52:28

Health: -9/207     AC: 15    Str: 14    XL:     17   Next: 33%
Magic:  0/34       EV: 38    Int:  9    God:    Gozag
Gold:   1849       SH: 16    Dex: 34    Spells: 27/27 levels left

rFire   . . .      SeeInvis +    J - +4 rapier (speed)
rCold   + + +      Faith    .    b - +2 buckler of the Worm {Regen+ Dex+3}
rNeg    . . .      Spirit   +    l - +4 skin of Zhor {*Englaciate rC+++ SInv}
rPois   .          Reflect  .    (helmet restricted)
rElec   .          Rampage  .    m - +2 cloak {Will+}
rCorr   .          Rage     50%  v - +3 pair of gauntlets of War {Slay+5}
Will    ++++.                    e - +2 pair of boots {Stlth+} Stlth
                                 y - necklace of Bloodlust {Fury *Rage Will++ Int-3 Slay+6}
HPRegen 2.34/turn                r - +6 ring of dexterity
MPRegen 0.48/turn                L - ring "Qeecra" {MP+9 Dex+4 Stlth+}

@: berserking (expiring), gold aura, studying Ice Magic, very quick
A: antennae 2, large bone plates 2, powered by death 2, magic shield, magic
regeneration, deformed body, sense surroundings 1
a: Renounce Religion, Potion Petition, Call Merchant, Bribe Branch


You were on level 3 of the Elven Halls.
You worshipped Gozag.
Gozag was most pleased with you.
You visited 5 branches of the dungeon, and saw 26 of its levels.
You also visited: Trove, Sewer, Bailey and Ice Cave.

You collected 12477 gold pieces.
You spent 6020 gold pieces at shops.
You paid 4608 gold pieces to Gozag.

Inventory:

Hand Weapons
 J - a +4 rapier of speed (weapon)
Armour
 b - the +2 buckler of the Worm (worn) {Regen+ Dex+3}
   (You acquired it on level 3 of the Dungeon)

   Dex:       It affects your dexterity (+3).
   Regen:     It increases your rate of health regeneration.
 e - a +2 pair of boots of stealth (worn)
 l - the +4 skin of Zhor (worn) {*Englaciate rC+++ SInv}
   (You found it in an ice cave)

   *Englaciate: It radiates cold, occasionally slowing all nearby creatures who
   are not resistant to cold.
   rC:        It renders you almost immune to cold.
   SInv:      It lets you see invisible.
 m - a +2 cloak of willpower (worn)
 v - the +3 pair of gauntlets of War (worn) {Slay+5}
   (You bought it in a shop on level 1 of the Elven Halls)

   Slay:      It affects your accuracy & damage with ranged weapons and melee
   (+5).
 A - a +2 robe of resistance
 X - the +5 leather armour of Hiti {rElec rN+ MP+9 Stlth+}
   (You found it on level 5 of the Lair of Beasts)

   rElec:     It insulates you from electricity.
   rN:        It protects you from negative energy.
   MP:        It affects your magic capacity (+9).
   Stlth:     It makes you more stealthy.
Jewellery
 j - the amulet of the Falcon {+Blink rPois rN++ Regen+ Int-4}
   (You found it on level 3 of the Dungeon)

   [amulet of regeneration]

   Int:       It affects your intelligence (-4).
   rPois:     It protects you from poison.
   rN:        It greatly protects you from negative energy.
   +Blink:    It lets you blink.
   Regen:     It increases your rate of health regeneration.
 r - a +6 ring of dexterity (left hand)
 y - the necklace of Bloodlust (around neck) {Fury *Rage Will++ Int-3 Slay+6}
   (You bought it in a shop on level 3 of the Dungeon)

   [amulet of nothing]

   Fury:      It extends the wearer's berserk rage when killing foes.
   Int:       It affects your intelligence (-3).
   Slay:      It affects your accuracy & damage with ranged weapons and melee
   (+6).
   *Rage:     It berserks you when you make melee attacks (+50% chance).
   Will:      It greatly increases your willpower.
 L - the ring "Qeecra" (right hand) {MP+9 Dex+4 Stlth+}
   (You bought it in a shop on level 3 of the Dungeon)

   [ring of magical power]

   Dex:       It affects your dexterity (+4).
   MP:        It affects your magic capacity (+9).
   Stlth:     It makes you more stealthy.
Wands
 k - a wand of mindburst (16)
 n - a wand of digging (3)
 w - a wand of roots (14)
 G - a wand of flame (27)
 P - a wand of acid (11)
Scrolls
 o - 9 scrolls of teleportation
 q - 9 scrolls of immolation
 x - 7 scrolls of blinking
 B - 5 scrolls of butterflies
 F - 2 scrolls of enchant armour
 H - a scroll of silence
 M - 9 scrolls of fog
 Q - 2 scrolls of amnesia
 R - 4 scrolls of fear
 U - 6 scrolls of vulnerability
 V - 4 scrolls of magic mapping
Potions
 a - 6 potions of brilliance
 c - 3 potions of lignification
 d - 11 potions of curing
 f - a potion of ambrosia
 g - 4 potions of flight
 h - a potion of berserk rage
 i - 4 potions of magic
 s - 4 potions of haste
 t - 3 potions of cancellation
 u - 2 potions of attraction
 z - a potion of resistance
 C - a potion of might
 D - 3 potions of mutation
 E - 8 potions of heal wounds
 Y - a potion of invisibility
Miscellaneous
 p - a phantom mirror
 T - a phial of floods


   Skills:
 + Level 13.9 Fighting
 - Level 14.0 Short Blades
 - Level 20.0 Dodging
 - Level 10.0 Stealth
 - Level 5.0 Shields
 + Level 5.7 Spellcasting
 - Level 2.0 Evocations


You had 27 spell levels left.
You didn't know any spells.
Your spell library contained the following spells:

 Spells                   Type           Power      Damage    Failure   Level
 Kiss of Death            Conj/Necr      8%         2d6       28%         1
 Magic Dart               Conj           8%         1d3       28%         1
 Necrotise                Necr           8%         1d4       28%         1
 Sandblast                Erth           4%         2d4       28%         1
 Shock                    Conj/Air       8%         1d3       28%         1
 Slow                     Hex            8%         N/A       28%         1
 Summon Small Mammal      Summ           8%         N/A       28%         1
 Blink                    Tloc           4%         N/A       41%         2
 Call Imp                 Summ           2%         N/A       41%         2
 Ensorcelled Hibernation  Hex/Ice        4%         N/A       41%         2
 Lesser Beckoning         Tloc           4%         N/A       41%         2
 Passwall                 Tmut/Erth      1%         N/A       41%         2
 Sublimation of Blood     Necr           2%         N/A       41%         2
 Call Canine Familiar     Summ           2%         N/A       65%         3
 Confusing Touch          Hex            2%         N/A       65%         3
 Gell's Gravitas          Tloc           2%         N/A       65%         3
 Mephitic Cloud           Conj/Pois/Air  2%         N/A       65%         3
 Portal Projectile        Hex/Tloc       4%         N/A       65%         3
 Stone Arrow              Conj/Erth      4%         3d7       65%         3
 Swiftness                Air            2%         N/A       65%         3
 Teleport Other           Tloc           2%         N/A       65%         3
 Vampiric Draining        Necr           2%         2d6       65%         3
 Airstrike                Air            1%         2d(1-17)  96%         4
 Dispel Undead            Necr           2%         3d7       96%         4
 Leda's Liquefaction      Hex/Erth       1%         N/A       96%         4
 Manifold Assault         Tloc           2%         N/A       96%         4
 Olgreb's Toxic Radiance  Pois           2%         N/A       96%         4
 Petrify                  Tmut/Erth      2%         N/A       96%         4
 Summon Lightning Spire   Summ/Air       2%         N/A       96%         4
 Agony                    Necr           2%         N/A       100%        5
 Irradiate                Conj/Tmut      1%         3d12      100%        5
 Lightning Bolt           Conj/Air       1%         1d12      100%        5
 Summon Forest            Summ/Tloc      1%         N/A       100%        5
 Summon Mana Viper        Hex/Summ       2%         N/A       100%        5
 Summon Cactus Giant      Summ           1%         N/A       100%        6
 Ozocubu's Refrigeration  Ice            1%         4d7       100%        7
 Storm Form               Tmut/Air       1%         N/A       100%        7
 Ignition                 Fire           1%         3d3       100%        8


Dungeon Overview and Level Annotations

Branches:
Dungeon (15/15) Zot: 25212  Temple (0/1) D:7            Lair (5/5) D:11 Zot: 23047
  Swamp (0/4) Lair:2        Snake (0/4) Lair:2        Slime (0/5) Lair:5
    Orc (2/2) D:9 Zot: 10195     Elf (3/3) Orc:2 Zot: 13627  Vaults (0/5) D:13
 Depths (1/4) D:15 Zot: 5978   Sewer (visited)          Bailey (visited)
  IceCv (visited)

Altars:
Ashenzari
Dithmenos
Gozag
Makhleb
Nemelex Xobeh
Ru
Sif Muna
Trog

Shops:
D:3 =(   D:7 !***   D:11 ?   Orc:2 ::[[*(:   Elf:1 **[[   Elf:2 ?**=[
Lair:1 =

Annotations:
D:3 3 runed translucent doors, pigah's ghost, amateur OpWn
D:7 2 transporters
D:10 2 runed translucent doors, porpoise's ghost, journeyman GnEn
D:15 exclusion: downstairs
Elf:1 2 transporters, Soammui's ghost, adept MiBe


Innate Abilities, Weirdness & Mutations

You have a pair of antennae on your head.
You are mostly covered in large bone plates. (SH +6)
You regenerate health from kills.
When hurt, damage is shared between your health and your magic reserves.
You regenerate magic rapidly.
Armour fits poorly on your strangely shaped body.
You passively map a small area around you.


Message History

The deep elf death mage seems less brilliant.
The blizzard demon is no longer distracted by gold.
You block the sixfirhy's attack.
The deep elf annihilator mumbles some strange words.
The deep elf annihilator blinks!
The deep elf death mage is distracted by your dazzling golden aura.
The blizzard demon is distracted by your dazzling golden aura.
The ghostly deep elf high priest is distracted by your dazzling golden aura.
The deep elf master archer wields a +0 longbow.
The deep elf master archer shoots an arrow.
The arrow completely misses you.
The arrow hits the sixfirhy!
The deep elf sorcerer is distracted by your dazzling golden aura.
The deep elf annihilator is distracted by your dazzling golden aura. x2
The deep elf death mage beckons forth a restless soul!
The Brimstone Fiend is distracted by your dazzling golden aura.
The deep elf elementalist is distracted by your dazzling golden aura.
The deep elf death mage is empowered by the deep elf high priest's aura!
The ghostly deep elf high priest shouts!
The deep elf elementalist shouts!
The Brimstone Fiend roars!
The deep elf death mage shouts!
The deep elf annihilator shouts!
The blizzard demon shouts!
The deep elf sorcerer shouts!
You are too berserk!
You are too berserk!
The sixfirhy attacks as you move away! You block the sixfirhy's attack. x2
The sixfirhy is distracted by your dazzling golden aura.
The deep elf annihilator hits you with a +0 short sword.
* * * LOW HITPOINT WARNING * * *
The deep elf sorcerer is distracted by your dazzling golden aura.
Things that are here:
3 gold pieces; a +0 dagger You feel a strong urge to attack something.
The deep elf death mage is no longer distracted by gold.
The deep elf elementalist is no longer distracted by gold.
The deep elf death mage is no longer distracted by gold.
The fire elemental is no longer distracted by gold.
The tormentor is distracted by your dazzling golden aura.
The deep elf annihilator points at you and mumbles some strange words.
The crystal spear hits you!!!!
You die...
Your body crumbles into a pile of gold.

#.# #.# #.# * #.#
* #.# *#. , #b#
#... . * #.#
##e.... ...
*#)####.....#
.....##.##.@e...#,
, #..24eeee$e.##.#
, ##...e.33e.##* ,
*#.e.33.4ee# ,,,
,#.§.*eeee.#
eee.Ee*2e.... ,
°..1*e..e...... ,
,
○..e.e.e.........
,
.................


You could see a deep elf blademaster, a ghostly deep elf blademaster, 2 deep elf
master archers, 4 deep elf annihilators, 6 deep elf death magi, a blizzard demon
(summoned), 2 deep elf sorcerers, a deep elf elementalist (fast, empowered,
repels missiles), a sun demon (summoned), 2 deep elf demonologists, a deep elf
high priest (brilliance aura), 2 ghostly deep elf high priests, a hellwing
(summoned), a sixfirhy (summoned, unaware), a smoke demon (summoned), a
tormentor (summoned, unaware), a fire elemental, a neqoxec (summoned), a chaos
spawn (summoned) and 3 lost souls.

Vanquished Creatures
  A shard shrike (IceCv)
  Jorgrun (Orc:2)
  A deep elf blademaster (Elf:2)
  Rupert (Lair:5)
  Donald (Orc:2)
  A deep elf sorcerer (Elf:2)
  An orc warlord (Orc:2)
  A deep elf elementalist (Elf:3)
  A deep elf demonologist (Elf:3)
  A white draconian (IceCv)
  2 fire dragons
  A deep elf death mage (Elf:1)
  A great orb of eyes (D:10)
  An ice dragon (D:14)
  A rakshasa (D:15)
  5 hydras
  3 centaur warriors (D:15)
  Erica (D:8)
  A deep troll shaman (Depths:1)
  A boulder beetle (D:7)
  4 ironbound frosthearts (IceCv)
  6 death yaks
  A tengu warrior (D:14)
  5 two-headed ogres
  25 dancing weapons
  4 orc high priests
  2 deep troll earth magi (Depths:1)
  15 deep elf knights
  3 skeletal warriors (D:15)
  A goliath frog (shapeshifter) (D:15)
  3 deep trolls (Depths:1)
  7 deep elf archers
  2 wizards
  2 orange crystal statues
  33 deep elf pyromancers
  7 orc knights
  A lindwurm (Lair:5)
  8 orc sorcerers
  A wolf spider (Lair:5)
  17 ugly things
  21 deep elf zephyrmancers
  6 cyclopes
  A salamander (D:15)
  7 manticores
  16 elephants
  A guardian serpent (Lair:5)
  6 torpor snails
  13 black mambas
  18 cane toads
  5 gargoyles (D:9)
  14 rime drakes
  6 komodo dragons
  An unseen horror (D:12)
  Maggie (D:6)
  The ghost of cforsyth the Covert, a novice KoBr (D:5)
  3 efreet
  3 tengu conjurers
  4 guardian mummies (D:15)
  2 meliai (shapeshifter)
  5 trolls
  25 polar bears
  13 hornets (Lair:5)
  4 tyrant leeches (Lair:5)
  8 blink frogs
  5 slime creatures
  2 air elementals (Elf:1)
  A centaur simulacrum (D:15)
  Sigmund (D:4)
  44 yaks
  12 wyverns
  A basilisk (shapeshifter) (Elf:1)
  A wraith (D:10)
  A vampire (D:13)
  4 water elementals
  6 fire elementals
  A basilisk (Lair:5)
  A shadow (D:11)
  3 wargs
  A redback (shapeshifter) (D:15)
  3 steam dragons
  An acid dragon (D:11)
  18 water moccasins
  40 orc warriors
  A sky beast (D:6)
  A black bear (Lair:2)
  6 wolves (Lair:1)
  4 centaurs
  4 ogres
  4 kobold brigands
  Blork the orc (D:5)
  A scorpion (D:5)
  11 bullfrogs
  3 gnoll sergeants
  4 earth elementals
  4 wights (D:8)
  An electric eel (Lair:1)
  6 howler monkeys
  A jelly (D:7)
  25 orc priests
  2 sleepcaps
  A gnoll bouda (D:6)
  A hound (D:6)
  24 orc wizards
  Ijyb (D:3)
  Terence (D:3)
  4 hell rats (Lair:4)
  5 iguanas
  4 mummies (D:15)
  19 gnolls
  22 adders
  2 river rats (Sewer)
  3 white imps
  An ufetubus (D:6)
  4 worms
  2 dart slugs
  82 orcs
  5 ball pythons
  3 endoplasms
  4 giant cockroaches
  11 goblins
  7 hobgoblins
  17 kobolds
  4 quokkas
  5 bats
  2 frilled lizards
  A frilled lizard (shapeshifter) (D:15)
  11 rats
829 creatures vanquished.

Vanquished Creatures (others)
  A deep elf knight (Elf:2)
  2 yaks (D:9)
  An orc (D:10)
  29 fungi
  62 plants
95 creatures vanquished.

Grand Total: 924 creatures vanquished

Notes
Turn   | Place    | Note
-------+----------+-------------------------------------------
     0 | D:1      | holysushi the Demonspawn Monk began the quest for the Orb.
     0 | D:1      | Reached XP level 1. HP: 18/18 MP: 1/1
     3 | D:1      | Noticed an electric eel
     4 | D:1      | Noticed an electric eel
   159 | D:1      | Gained mutation: You have a pair of small antennae on your
                  | head. [demonic ancestry]
   159 | D:1      | Reached XP level 2. HP: 24/24 MP: 2/2
   694 | D:1      | Found a faded altar of an unknown god.
   881 | D:1      | Prayed at the altar of an unknown god.
   881 | D:1      | Became a worshipper of Gozag Ym Sagoz the Greedy
  1124 | D:2      | Gained mutation: You are partially covered in large bone
                  | plates. (SH +4) [demonic ancestry]
  1124 | D:2      | Reached XP level 3. HP: 25/29 MP: 3/3
  1520 | D:2      | Found a broken altar of Ashenzari.
  1760 | D:2      | Gained mutation: You regenerate magic rapidly. [demonic
                  | ancestry]
  1760 | D:2      | Reached XP level 4. HP: 25/35 MP: 4/4
  2014 | D:2      | Learned a level 3 spell: Confusing Touch
  2093 | D:3      | Identified a scroll of acquirement
  2093 | D:3      | Acquired 1250 gold pieces
  2176 | D:3      | Found a shimmering blue altar of Sif Muna.
  2195 | D:3      | Got Sif Muna's Anthology of the Band
  2200 | D:3      | Found a bloodstained altar of Trog.
  2200 | D:3      | Noticed Terence
  2205 | D:3      | Killed Terence
  2206 | D:3      | Reached skill level 1 in Spellcasting
  2223 | D:3      | Found a glowing drain.
  2245 | D:3      | Identified the amulet of the Falcon {+Blink rPois rN++
                  | Regen+ Int-4}
  2261 | Sewer    | Entered a sewer
  2267 | Sewer    | Reached XP level 5. HP: 40/41 MP: 5/7
  2283 | Sewer    | Reached skill level 5 in Short Blades
  2732 | Sewer    | Gained mutation: You regenerate a little health from kills.
                  | [demonic ancestry]
  2732 | Sewer    | Reached XP level 6. HP: 45/47 MP: 8/10
  2931 | D:3      | Noticed Ijyb
  3336 | D:3      | Found a runed translucent gate.
  3336 | D:3      | Found a runed translucent gate.
  3336 | D:3      | Found a runed translucent gate.
  3355 | D:3      | Killed Ijyb
  3361 | D:3      | Noticed pigah's ghost (amateur OpWn)
  4127 | D:3      | Bought the necklace of Bloodlust {Fury *Rage Will++ Int-3
                  | Slay+6} for 634 gold pieces
  4127 | D:3      | Found the necklace of Bloodlust {Fury *Rage Will++ Int-3
                  | Slay+6}
  4364 | D:4      | Noticed Sigmund
  4453 | D:4      | Killed Sigmund
  4454 | D:4      | Reached XP level 7. HP: 52/52 MP: 12/12
  4688 | D:4      | Reached skill level 3 in Dodging
  4774 | D:5      | Entered Level 5 of the Dungeon
  4957 | D:5      | Noticed Blork the orc
  4969 | D:5      | Killed Blork the orc
  4970 | D:5      | Reached XP level 8. HP: 58/58 MP: 13/13
  4995 | D:5      | Reached skill level 4 in Dodging
  5077 | D:5      | Found a runed translucent door.
  5144 | D:5      | Noticed cforsyth's ghost (novice KoBr)
  5388 | D:5      | Killed cforsyth's ghost
  5553 | D:6      | Reached skill level 5 in Dodging
  5785 | D:6      | Found a shadowy altar of Dithmenos.
  5908 | D:6      | Noticed Maggie
  5915 | D:6      | Killed Maggie
  6132 | D:6      | Reached XP level 9. HP: 63/63 MP: 14/14
  6253 | D:6      | Found a broken altar of Ashenzari.
  6424 | D:6      | Found an opulent altar of Gozag.
  6652 | D:3      | Bought the ring "Qeecra" {MP+9 Dex+4 Stlth+} for 534 gold
                  | pieces
  6668 | D:3      | Acquired the +2 buckler of the Worm {Regen+ Dex+3}
  6808 | D:7      | Found a transporter.
  6940 | D:7      | Found Ommicyasm's Distillery.
  6970 | D:7      | Noticed a soul eater
  6977 | D:7      | Noticed a boulder beetle
  6984 | D:7      | Killed a boulder beetle
  6985 | D:7      | Reached skill level 1 in Shields
  6985 | D:7      | Reached skill level 1 in Evocations
  7169 | D:7      | Found Buot's General Store.
  7175 | D:7      | Reached skill level 10 in Short Blades
  7201 | D:7      | Found a staircase to the Ecumenical Temple.
  7230 | D:7      | Found Xatzeff's Assorted Antiques.
  7389 | D:7      | Found a transporter.
  7419 | D:7      | Found Othiro Huog's General Store.
  7520 | D:8      | Noticed a two-headed ogre
  7556 | D:8      | Reached skill level 6 in Dodging
  7689 | D:7      | Bought a scroll of enchant weapon for 97 gold pieces
  7737 | D:8      | Reached XP level 10. HP: 73/73 MP: 15/15
  7855 | D:8      | Reached skill level 7 in Dodging
  7914 | D:8      | Noticed Erica
  7922 | D:8      | Killed Erica
  7923 | D:8      | Reached skill level 5 in Fighting
  8089 | D:8      | Killed a two-headed ogre
  8224 | D:8      | Reached skill level 5 in Stealth
  8324 | D:8      | Reached skill level 8 in Dodging
  8728 | D:7      | Bought a potion of heal wounds for 50 gold pieces
  8728 | D:7      | Bought a potion of mutation for 80 gold pieces
  8728 | D:7      | Bought a potion of lignification for 30 gold pieces
  8728 | D:7      | Bought a potion of brilliance for 40 gold pieces
  8763 | D:7      | Bought a runed cloak for 180 gold pieces
  8884 | D:9      | Found a flagged portal.
  8934 | Bailey   | Entered a bailey
  9516 | Bailey   | Found a large runed translucent door.
  9516 | Bailey   | Found a large runed translucent door.
  9516 | Bailey   | Noticed an orc knight
  9517 | Bailey   | Noticed a deep elf pyromancer
  9518 | Bailey   | Found the +4 robe of Folly {Brill Will-∞ Int+8}
  9591 | Bailey   | Killed an orc knight
  9756 | Bailey   | Killed a deep elf pyromancer
  9757 | Bailey   | Reached skill level 9 in Dodging
  9922 | D:9      | Found a sacrificial altar of Ru.
  9970 | D:9      | Found a staircase to the Orcish Mines.
 10013 | D:9      | Noticed a cyclops
 10030 | D:9      | Killed a cyclops
 10031 | D:9      | Gained mutation: You are mostly covered in large bone
                  | plates. (SH +6) [demonic ancestry]
 10031 | D:9      | Reached XP level 11. HP: 81/81 MP: 16/16
 10119 | D:9      | Reached skill level 10 in Dodging
 10627 | D:9      | Reached skill level 11 in Dodging
 10981 | D:10     | Entered Level 10 of the Dungeon
 11446 | D:10     | Noticed a wizard
 11446 | D:10     | Noticed a deep elf pyromancer
 11455 | D:10     | Killed a wizard
 11463 | D:10     | Killed a deep elf pyromancer
 11464 | D:10     | Reached skill level 12 in Dodging
 11480 | D:10     | Noticed a great orb of eyes
 11497 | D:10     | Killed a great orb of eyes
 11697 | D:10     | Found a runed translucent door.
 11698 | D:10     | Noticed a necromancer
 11698 | D:10     | Noticed an ogre mage
 11698 | D:10     | Noticed a skeletal warrior
 11698 | D:10     | Noticed a frost giant
 11699 | D:10     | Noticed a skeletal warrior
 11700 | D:10     | Found a runed translucent door.
 11701 | D:10     | Noticed a boulder beetle
 11946 | D:10     | Noticed porpoise's ghost (journeyman GnEn)
 11946 | D:10     | Noticed a lich
 12288 | D:11     | Identified the +1 ring mail "Netucav" {rPois}
 12337 | D:11     | Noticed a two-headed ogre
 12343 | D:11     | Killed a two-headed ogre
 12620 | D:11     | Noticed a white ugly thing
 12630 | D:11     | Killed a white ugly thing
 12631 | D:11     | Reached XP level 12. HP: 88/88 MP: 17/17
 12795 | D:11     | Found a staircase to the Lair.
 12997 | D:11     | Found Cueluok's Magic Scroll Shoppe.
 13002 | D:11     | Bought a scroll of blinking for 97 gold pieces
 13002 | D:11     | Bought a scroll of blinking for 97 gold pieces
 13315 | Lair:1   | Entered Level 1 of the Lair of Beasts
 13346 | Lair:1   | Reached skill level 13 in Dodging
 14447 | Lair:1   | Bought a +6 ring of dexterity for 468 gold pieces
 14529 | Lair:2   | Found a staircase to the Swamp.
 14536 | Lair:2   | Identified the +2 whip of Seunetuu {vamp, rElec rF+}
 14835 | Lair:2   | Reached skill level 14 in Dodging
 15234 | Lair:2   | Found a staircase to the Snake Pit.
 15863 | Lair:3   | Noticed a death yak
 15864 | Lair:3   | Noticed a death yak
 15864 | Lair:3   | Noticed a death yak
 15865 | Lair:3   | Noticed a death yak
 15866 | Lair:3   | Noticed a death yak
 15866 | Lair:3   | Noticed a death yak
 15886 | Lair:2   | Killed a death yak
 16287 | Lair:3   | Killed a death yak
 16288 | Lair:3   | Gained mutation: You have a pair of antennae on your head.
                  | [demonic ancestry]
 16288 | Lair:3   | Reached XP level 13. HP: 93/93 MP: 18/18
 16314 | Lair:3   | Reached skill level 15 in Dodging
 17731 | Lair:5   | Entered Level 5 of the Lair of Beasts
 18362 | Lair:5   | Reached XP level 14. HP: 101/101 MP: 19/19
 18506 | Lair:5   | Noticed Rupert
 18515 | Lair:5   | Killed Rupert
 18731 | Lair:5   | Found a runed translucent door.
 19398 | Lair:5   | Identified the +5 leather armour of Hiti {rElec rN+ MP+9
                  | Stlth+}
 19552 | Lair:5   | Paralysed by a hornet for 3 turns
 20250 | Lair:5   | Found a staircase to the Slime Pits.
 20720 | D:12     | Reached skill level 5 in Shields
 21857 | D:13     | Found a gate to the Vaults.
 22108 | D:13     | Found a sparkling altar of Nemelex Xobeh.
 22868 | D:14     | Found a frozen archway.
 22875 | D:14     | Reached skill level 16 in Dodging
 22879 | IceCv    | Entered an ice cave
 23225 | IceCv    | Reached skill level 10 in Stealth
 23506 | IceCv    | Reached XP level 15. HP: 110/110 MP: 20/20
 23552 | IceCv    | Acquired 903 gold pieces
 24079 | IceCv    | Reached skill level 17 in Dodging
 24220 | IceCv    | Noticed a shard shrike
 24244 | IceCv    | Killed a shard shrike
 24327 | IceCv    | Found the +4 skin of Zhor {*Englaciate rC+++ SInv}
 25284 | D:15     | Entered Level 15 of the Dungeon
 25346 | D:15     | Reached skill level 18 in Dodging
 25455 | D:15     | Found a staircase to the Depths.
 25625 | Depths:1 | Entered Level 1 of the Depths
 25652 | Depths:1 | Noticed a fire giant
 25708 | Depths:1 | Noticed a lich
 27155 | Orc:1    | Entered Level 1 of the Orcish Mines
 27164 | Orc:1    | Found a burning altar of Makhleb.
 27930 | Orc:2    | Entered Level 2 of the Orcish Mines
 27930 | Orc:2    | Found Akoetry's Antique Armour Boutique.
 27932 | Orc:2    | Found a staircase to the Elven Halls.
 27932 | Orc:2    | Noticed Donald
 28134 | Orc:2    | Noticed Jorgrun
 28144 | Orc:2    | Gained mutation: Potions are less effective at restoring
                  | your health. [a neqoxec]
 28185 | Orc:2    | Killed Jorgrun
 28186 | Orc:2    | Reached skill level 10 in Fighting
 28186 | Orc:2    | Gained mutation: You regenerate health from kills. [demonic
                  | ancestry]
 28186 | Orc:2    | Reached XP level 16. HP: 122/122 MP: 21/21
 28190 | Orc:2    | Reached skill level 19 in Dodging
 28472 | Orc:2    | Found Ezurgh's General Store.
 28473 | Orc:2    | Found Baxtol Ushi's Book Boutique.
 28474 | Orc:2    | Found Ufetag's Antique Armour Shop.
 28474 | Orc:2    | Found Vuefeuck's Antique Weapon Shop.
 28478 | Orc:2    | Bought a diamond-encrusted ring mail for 225 gold pieces
 28478 | Orc:2    | Identified the +4 ring mail "Cumecoq" {-Cast rF+ Regen+
                  | Dex+2} (You bought it in a shop on level 2 of the Orcish
                  | Mines)
 28490 | Orc:2    | Bought a potion of heal wounds for 65 gold pieces
 28681 | Orc:2    | Killed Donald
 28722 | Orc:2    | Found Xilibom's Book Shop.
 28829 | Orc:2    | Found Rimacoi's Book Boutique.
 29054 | Elf:1    | Entered Level 1 of the Elven Halls
 29127 | Elf:1    | Noticed Soammui's ghost (adept MiBe)
 29156 | Elf:1    | Found a transporter.
 29191 | Elf:1    | Found Ceborgh's Specific Store.
 29194 | Elf:1    | Found Yfattaj's General Store.
 29439 | Elf:1    | Found a portal to a secret trove of treasure.
 29450 | Elf:1    | Paralysed by an air elemental for 1 turns
 29665 | Elf:1    | Bought the +3 pair of gauntlets of War {Slay+5} for 1567
                  | gold pieces
 29665 | Elf:1    | Found the +3 pair of gauntlets of War {Slay+5}
 29682 | Elf:1    | Bought a +0 pair of boots of stealth for 184 gold pieces
 29768 | Elf:1    | Found a transporter.
 29957 | Elf:1    | Lost mutation: Potions are less effective at restoring your
                  | health. [potion of mutation]
 29957 | Elf:1    | Gained mutation: You passively map a small area around you.
                  | [potion of mutation]
 29957 | Elf:1    | Gained mutation: Your magical capacity is low. (-10% MP)
                  | [potion of mutation]
 29957 | Elf:1    | Gained mutation: You have supernaturally acute eyesight.
                  | (SInv) [potion of mutation]
 29958 | Elf:1    | Lost mutation: You have supernaturally acute eyesight.
                  | (SInv) [potion of mutation]
 29958 | Elf:1    | Lost mutation: Your magical capacity is low. (-10% MP)
                  | [potion of mutation]
 29958 | Elf:1    | Gained mutation: Armour fits poorly on your strangely
                  | shaped body. [potion of mutation]
 29958 | Elf:1    | Gained mutation: Your mind is acute. (Int +4, Str/Dex -1)
                  | [potion of mutation]
 29958 | Elf:1    | Lost mutation: Your mind is acute. (Int +4, Str/Dex -1)
                  | [potion of mutation]
 29982 | Elf:2    | Found Girchy's Armour Shop.
 30206 | Elf:1    | Reached skill level 20 in Dodging
 30261 | Elf:1    | Paralysed by an air elemental for 1 turns
 30481 | Elf:2    | Bought +0 shadow dragon scales for 1120 gold pieces
 30517 | Elf:1    | You paid a toll of +2 shadow dragon scales to enter a
                  | treasure trove
 30518 | Trove    | Entered a treasure trove
 30595 | Elf:2    | Found Fuifie's Magic Scroll Emporium.
 30709 | Elf:2    | Bought a scroll of teleportation for 36 gold pieces
 30709 | Elf:2    | Bought a scroll of blinking for 90 gold pieces
 30709 | Elf:2    | Bought a scroll of enchant armour for 90 gold pieces
 30797 | Elf:2    | Found Uphefep's Assorted Antiques.
 30892 | Elf:2    | Bought an ancient short sword for 336 gold pieces
 30892 | Elf:2    | Identified the +7 short sword of Prescription {venom, rElec
                  | Dex+2} (You bought it in a shop on level 2 of the Elven
                  | Halls)
 30919 | Elf:2    | Found Roxzadim's Jewellery Boutique.
 31191 | Elf:2    | Found Qylequis's Assorted Antiques.
 31278 | Elf:2    | Found a runed translucent gate.
 31279 | Elf:2    | Found a runed translucent gate.
 31279 | Elf:2    | Found a runed translucent gate.
 31318 | Elf:2    | Noticed a deep elf blademaster
 31977 | Elf:2    | Gained mutation: When hurt, damage is shared between your
                  | health and your magic reserves. [demonic ancestry]
 31977 | Elf:2    | Reached XP level 17. HP: 136/136 MP: 22/22
 32029 | Elf:2    | Killed a deep elf blademaster
 32466 | Elf:3    | Entered Level 3 of the Elven Halls
 32470 | Elf:3    | Reached skill level 5 in Spellcasting
 33437 | Elf:3    | Noticed a deep elf blademaster
 33452 | Elf:3    | Noticed a deep elf master archer
 33452 | Elf:3    | Noticed a deep elf master archer
 33456 | Elf:3    | Killed a deep elf blademaster
 33457 | Elf:3    | Noticed a deep elf blademaster
 33466 | Elf:3    | Noticed a Brimstone Fiend
 33477 | Elf:3    | Killed from afar by a deep elf annihilator

Illustrated notes

Levels and vault maps discovered:
D:1:      arrival_aquarium_b, layout_basic,
          shapermc_ecumenical_altar_hornbeckon,
          nicolae_concentric_dashed_squares_mild,
          corexii_item_surrounded_by_moat
D:2:      layout_basic, basic_altar, chequers_serial_rivers_marsh,
          kennysheep_generic_room_7
D:3:      layout_basic, nzn_overflow_gifts_of_might_and_magic,
          ebering_ghost_rock_garden, gup_sewer_entry_glass, uniq_ijyb
D:4:      layout_basic, nicolae_half_adder, uniq_sigmund
D:5:      layout_rooms, ebering_ghost_sewer_d, uniq_blork_the_orc
D:6:      layout_loops_ring, nicolae_overflow_quartered_altars, uniq_maggie
D:7:      layout_basic, minmay_temple_entry_glass,
          gammafunk_ghost_abyssal_escape, serial_shops, nicolae_square_shop,
          shop, shop, kennysheep_little_box
D:8:      layout_basic, uniq_erica
D:9:      cheibrodos_statue_roulette, layout_irregular_city,
          nicolae_overflow_hidden_temple, david_orc_2, enter_bailey_5,
          hellmonk_bongcloud_opening, minmay_statues_item
D:10:     minmay_shrinking_squares, layout_long_grid,
          muffindrake_ghost_dual_entry
D:11:     layout_irregular_city, erik_lair_orcish_takeover, serial_shops,
          nicolae_shop_hallway_plus
D:12:     layout_irregular_city
D:13:     layout_basic, david_vaults_1, nemelex_xobeh_ov_fountains_minmay
D:14:     layout_long_grid, portal_ice_cave_entry_dragon
D:15:     hangedman_depths_entry_try_elsewhere_first, layout_rooms,
          minmay_misc_feat_chi, minmay_guarded_unrand_curses
Lair:1:   layout_gridlike, dreamdust_deal_with_the_devil,
          chequers_serial_rivers_micro_c, grunt_megastairs_2,
          infiniplex_staircase_pool, lemuel_fruit_tree
Lair:2:   layout_regular_city, swamp_mist, dummy_snake_entry
Lair:3:   layout_concentric_octagons
Lair:4:   layout_regular_city, minmay_stone_trees_small
Lair:5:   wormcave, layout_concentric_octagons, hangedman_lair_tendril_chambers,
          dpeg_slime_entry_enclosed, uniq_rupert
Orc:1:    layout_caves, bloody_makhleb
Orc:2:    st_orc_congregation, layout_diamond_mine, serial_shops,
          nicolae_shop_hallway_stairs, nicolae_diamond_shop,
          nicolae_diamond_shop, mines_bat_river, uniq_jorgrun, uniq_donald
Elf:1:    layout_geoelf_grid, gammafunk_ghost_berserking_beasts, enter_trove_0,
          evilmike_minifort, nicolae_specific_store, minivault_16
Elf:2:    nicolae_elf_blades_crystal_corner, layout_loops_cross, serial_shops,
          nicolae_shop_hallway_plus, shop, nicolae_stop_n_shop_1,
          nicolae_shop_advertising_works [nicolae_subvault_shop_adworks], shop
Elf:3:    elf_hall, layout_geoelf_grid
Depths:1: layout_cross, nicolae_uskayaw_dance_hall, grunt_hell_horde,
          roderic_roman_lattice, columned_hall_lemuel, minmay_holes,
          chequers_serial_rivers_small_a, hangedman_decor_lopped,
          ashenzari_altar_1

Skill      XL: |  1  2  3  4  5  6  7  8  9 10 11 12 13 14 15 16 17 |
---------------+----------------------------------------------------+-----
Short Blades   | 3 4 5 6 7 9 10 11 14 | 14.0
Spellcasting   | 1 2 3 5 |  5.7
Dodging        | 3 5 6 9 12 14 15 16 18 20 | 20.0
Stealth        | 3 5 6 7 10 | 10.0
Shields        | 2 3 5 |  5.0
Evocations     | 2 |  2.0
Fighting       | 4 6 8 10 13 | 13.9

Action                     |  1- 3 |  4- 6 |  7- 9 | 10-12 | 13-15 | 16-18 || total
---------------------------+-------+-------+-------+-------+-------+-------++-------
  Melee: Short sword       |   170 |   234 |   199 |   491 |    26 |       ||  1120
         Punch             |     3 |     6 |     2 |       |       |       ||    11
         Rapier            |       |       |       |       |  1402 |   518 ||  1920
 Invoke: Call Merchant     |       |     2 |       |     1 |       |     2 ||     5
  Evoke: Wand              |       |       |       |     2 |     2 |     1 ||     5
    Use: Potion            |     1 |     3 |       |     3 |     2 |     3 ||    12
         Scroll            |       |     9 |    11 |     8 |     9 |     8 ||    45
   Stab: Sleeping          |     5 |     5 |     8 |    23 |    30 |    18 ||    89
         Distracted        |       |     1 |     1 |     5 |    15 |     9 ||    31
         Invisible         |       |       |       |     3 |       |       ||     3
 Armour: Robe              |    31 |    52 |    21 |    19 |    28 |       ||   151
         Animal skin       |       |       |       |       |     7 |    17 ||    24
  Dodge: Dodged            |    98 |    98 |    55 |   163 |   415 |   149 ||   978
  Block: Other             |    11 |    19 |    13 |       |       |       ||    43
         Buckler           |       |       |    20 |   165 |   428 |   131 ||   744

Table legend: (Time is in decaauts)
 A = Elapsed time spent in this place.
 B = Non-inter-level travel time spent in this place.
 C = Inter-level travel time spent in this place.
 D = Time resting spent in this place.
 E = Time spent auto-exploring this place.
 F = Levels seen in this place.
 G = Mean time per level.
                   A        B        C        D        E       F      G
               +--------+--------+--------+--------+--------+-----+--------+
         Total |  33511 |  31852 |   1659 |  11464 |  13815 |  30 | 1117.0 |
       Dungeon |  17364 |  16207 |   1157 |   4788 |   8258 |  15 | 1157.6 |
          Lair |   6952 |   6686 |    266 |   2821 |   2740 |   5 | 1390.4 |
  Orcish Mines |   1804 |   1769 |     35 |    475 |   1013 |   2 |  902.0 |
   Elven Halls |   4372 |   4173 |    199 |   1821 |   1366 |   3 | 1457.3 |
        Depths |     21 |     21 |      0 |      0 |      0 |   1 |   21.0 |
         Trove |     45 |     45 |      0 |      0 |      0 |   1 |   45.0 |
         Sewer |    650 |    650 |      0 |    227 |    187 |   1 |  650.0 |
        Bailey |    884 |    884 |      0 |    450 |    116 |   1 |  884.0 |
      Ice Cave |   1416 |   1416 |      0 |    880 |    133 |   1 | 1416.0 |
               +--------+--------+--------+--------+--------+-----+--------+

Top non-repeatable levels by time:
  Lair:5: 2438 daAuts
   Elf:2: 2051 daAuts
    D:15: 1655 daAuts
   IceCv: 1416 daAuts
    D:11: 1354 daAuts
  Lair:2: 1342 daAuts
     D:3: 1335 daAuts
   Elf:1: 1287 daAuts
    D:13: 1262 daAuts
     D:6: 1234 daAuts
     D:9: 1224 daAuts
    D:12: 1216 daAuts
     D:8: 1206 daAuts
  Lair:4: 1118 daAuts
    D:10: 1110 daAuts
